[ AOE2 MATCH · #476525470 ]
UnrankedPortuguese vs Teutons
[ REPLAY ANALYSIS · EXTRACTED FROM THE RECORDED GAME ]
Feudal
—
Castle
—
Imperial
—
| APM avg | 45.7 |
| APM peak | 87 |
| eAPM avg | 22.4 |
| Villagers / military | 130 / 92 |
Focus
⚔️ 19.2% · 🌾 80.8%
Hand Cannoneer ×62 · Archer ×15 · Spearman ×5 · Cavalry Archer ×5 · Monk ×2 · Skirmisher ×2
Feudal
—
Castle
—
Imperial
—
| APM avg | 49.5 |
| APM peak | 93 |
| eAPM avg | 24.0 |
| Villagers / military | 155 / 367 |
Focus
⚔️ 44.2% · 🌾 55.8%
Spearman ×313 · Mangonel ×28 · Teutonic Knight ×16 · Battering Ram ×4 · Bombard Cannon ×3 · Trebuchet (Packed) ×3
Feudal
11:25
Castle
15:16
Imperial
35:47
| APM avg | 36.3 |
| APM peak | 92 |
| eAPM avg | 17.5 |
| Villagers / military | 132 / 333 |
Focus
⚔️ 37.0% · 🌾 63.0%
Militia ×139 · Spearman ×109 · Scout Cavalry ×68 · Bombard Cannon ×13 · Trade Cart ×6 · Scorpion ×3
Feudal
10:31
Castle
14:10
Imperial
28:19
| APM avg | 36.0 |
| APM peak | 71 |
| eAPM avg | 18.7 |
| Villagers / military | 150 / 425 |
Focus
⚔️ 39.0% · 🌾 61.0%
Hand Cannoneer ×401 · Bombard Cannon ×21 · Monk ×3
Feudal
10:44
Castle
14:38
Imperial
29:21
| APM avg | 48.7 |
| APM peak | 102 |
| eAPM avg | 23.1 |
| Villagers / military | 179 / 257 |
Focus
⚔️ 29.6% · 🌾 70.4%
Scout Cavalry ×178 · Elephant Archer ×73 · Trebuchet (Packed) ×4 · Battle Elephant ×2
Feudal
10:57
Castle
14:41
Imperial
29:02
| APM avg | 40.7 |
| APM peak | 88 |
| eAPM avg | 20.1 |
| Villagers / military | 170 / 535 |
Focus
⚔️ 38.5% · 🌾 61.5%
Spearman ×376 · Scout Cavalry ×80 · Knight ×74 · Militia ×5
Feudal
10:04
Castle
13:20
Imperial
26:44
| APM avg | 52.4 |
| APM peak | 93 |
| eAPM avg | 38.5 |
| Villagers / military | 211 / 667 |
Focus
⚔️ 44.5% · 🌾 55.5%
Karambit Warrior ×318 · Battle Elephant ×172 · Spearman ×168 · Trebuchet (Packed) ×8 · Battering Ram ×1
Feudal
9:41
Castle
24:24
Imperial
33:55
| APM avg | 23.0 |
| APM peak | 55 |
| eAPM avg | 11.2 |
| Villagers / military | 74 / 134 |
Focus
⚔️ 18.7% · 🌾 81.3%
Knight ×115 · Ballista Elephant ×19
Match map
Initial resources + every placement click. Lines = walls · curves = elevation contours. ◆ gold · ⬟ stone · ● berries · ✦ relic · ◌ wall gap
Your base· ✓ Closed at 18:51 · 0t walls · 2 gate(s)
Alarmaaa5374's base· ✓ Closed at 11:19 · 0t walls · 2 gate(s)
LynxScatteR's base· ✓ Closed at 15:16 · 0t walls · 2 gate(s)
istakoski's base· ✓ Closed at 14:10 · 0t walls · 2 gate(s)
IBGRI's base· ✓ Closed at 14:38 · 0t walls · 2 gate(s)
roulette's base· ✓ Closed at 14:41 · 0t walls · 2 gate(s)
Theos's base· ✓ Closed at 13:20 · 0t walls · 2 gate(s)
Nabican's base· ✓ Closed at 24:24 · 0t walls · 2 gate(s)
Smoothed initial terrain · ◌ = detected wall gap · hover for details
Inputs per minute
— Diabolos5226 - - Alarmaaa5374
Build order — Diabolos5226
First 150 of 354 actions detected
| 0:03 | Build | House |
| 0:05 | Build | House |
| 0:31 | Queue | Villager (Male) |
| 0:31 | Queue | Villager (Male) |
| 0:31 | Queue | Villager (Male) |
| 0:32 | Queue | Villager (Male) |
| 2:58 | Queue | Villager (Male) |
| 2:58 | Queue | Villager (Male) |
| 2:59 | Queue | Villager (Male) |
| 2:59 | Queue | Villager (Male) |
| 3:33 | Queue | Villager (Male) |
| 3:34 | Queue | Villager (Male) |
| 4:11 | Build | Lumber Camp |
| 4:12 | Queue | Villager (Male) |
| 4:12 | Queue | Villager (Male) |
| 5:20 | Queue | Villager (Male) |
| 5:45 | Build | House |
| 5:47 | Build | House |
| 6:05 | Build | House |
| 6:57 | Queue | Villager (Male) |
| 6:58 | Queue | Villager (Male) |
| 6:58 | Queue | Villager (Male) |
| 6:59 | Queue | Villager (Male) |
| 6:59 | Queue | Villager (Male) |
| 6:59 | Queue | Villager (Male) |
| 7:27 | Queue | Villager (Male) |
| 8:10 | Build | House |
| 8:51 | Build | Mill |
| 9:31 | Queue | Villager (Male) |
| 10:31 | Build | Mining Camp |
| 10:39 | Queue | Villager (Male) |
| 10:39 | Queue | Villager (Male) |
| 10:39 | Queue | Villager (Male) |
| 11:11 | Research | Feudal Age |
| 12:11 | Queue | Villager (Male) |
| 12:11 | Queue | Villager (Male) |
| 12:11 | Queue | Villager (Male) |
| 12:12 | Queue | Villager (Male) |
| 12:57 | Queue | Villager (Male) |
| 12:57 | Queue | Villager (Male) |
| 13:26 | Research | Wheelbarrow |
| 13:26 | Queue | Villager (Male) |
| 14:07 | Queue | Villager (Male) |
| 14:07 | Queue | Villager (Male) |
| 14:54 | Build | Blacksmith |
| 15:11 | Build | Market |
| 15:40 | Build | Farm |
| 15:40 | Build | Farm |
| 15:41 | Build | Farm |
| 15:41 | Build | Farm |
| 15:41 | Build | Farm |
| 15:41 | Build | Farm |
| 15:42 | Build | Farm |
| 15:43 | Build | Farm |
| 15:46 | Queue | Villager (Male) |
| 15:56 | Build | Lumber Camp |
| 16:18 | Queue | Villager (Male) |
| 16:18 | Queue | Villager (Male) |
| 16:23 | Build | House |
| 16:50 | Build | Farm |
| 16:51 | Build | Farm |
| 16:52 | Build | Farm |
| 16:52 | Build | Farm |
| 16:54 | Build | Farm |
| 16:54 | Build | Farm |
| 16:55 | Build | Farm |
| 17:48 | Build | Farm |
| 17:48 | Build | Farm |
| 17:57 | Queue | Villager (Male) |
| 17:58 | Queue | Villager (Male) |
| 18:51 | Research | Castle Age |
| 19:40 | Build | House |
| 19:44 | Build | House |
| 20:08 | Build | Mining Camp |
| 20:14 | Queue | Villager (Male) |
| 20:14 | Queue | Villager (Male) |
| 20:15 | Queue | Villager (Male) |
| 20:15 | Queue | Villager (Male) |
| 20:15 | Queue | Villager (Male) |
| 20:15 | Queue | Villager (Male) |
| 20:15 | Queue | Villager (Male) |
| 20:16 | Queue | Villager (Male) |
| 21:09 | Build | Barracks |
| 21:53 | Build | Archery Range |
| 23:04 | Build | Town Center |
| 23:47 | Research | Double-Bit Axe |
| 23:52 | Research | Gold Mining |
| 23:53 | Research | Stone Mining |
| 24:47 | Queue | Villager (Male) |
| 24:48 | Queue | Villager (Male) |
| 24:48 | Queue | Villager (Male) |
| 24:48 | Queue | Villager (Male) |
| 24:48 | Queue | Villager (Male) |
| 24:49 | Queue | Villager (Male) |
| 24:49 | Queue | Villager (Male) |
| 24:49 | Queue | Villager (Male) |
| 24:49 | Queue | Villager (Male) |
| 24:49 | Queue | Villager (Male) |
| 25:28 | Build | Monastery |
| 26:09 | Research | Forging |
| 26:20 | Research | Fletching |
| 26:24 | Research | Padded Archer Armor |
| 26:26 | Research | Scale Mail Armor |
| 26:28 | Build | Farm |
| 26:35 | Build | Farm |
| 26:35 | Build | Farm |
| 26:35 | Build | Farm |
| 26:36 | Build | Farm |
| 26:36 | Build | Farm |
| 26:37 | Build | Farm |
| 26:54 | Build | House |
| 26:55 | Build | House |
| 26:57 | Build | House |
| 26:59 | Build | House |
| 27:19 | Build | University |
| 27:29 | Build | Farm |
| 27:56 | Research | Iron Casting |
| 27:56 | Research | Bodkin Arrow |
| 27:57 | Research | Leather Archer Armor |
| 28:08 | Queue | Villager (Male) |
| 28:08 | Queue | Villager (Male) |
| 28:09 | Queue | Villager (Male) |
| 28:11 | Queue | Villager (Male) |
| 28:14 | Queue | Villager (Male) |
| 28:15 | Queue | Villager (Male) |
| 28:25 | Build | Lumber Camp |
| 28:47 | Research | Stone Shaft Mining |
| 28:50 | Research | Bow Saw |
| 29:11 | Queue | Monk |
| 29:12 | Queue | Monk |
| 29:19 | Queue | Villager (Male) |
| 29:19 | Queue | Villager (Male) |
| 29:19 | Queue | Villager (Male) |
| 29:19 | Queue | Villager (Male) |
| 29:20 | Queue | Villager (Male) |
| 29:20 | Queue | Villager (Male) |
| 29:27 | Queue | Villager (Male) |
| 29:28 | Queue | Villager (Male) |
| 29:28 | Queue | Villager (Male) |
| 29:28 | Queue | Villager (Male) |
| 30:14 | Build | Farm |
| 30:21 | Build | Farm |
| 30:21 | Build | Farm |
| 30:21 | Build | Farm |
| 30:23 | Build | Farm |
| 31:01 | Build | Castle |
| 31:32 | Queue | Archer |
| 31:32 | Queue | Archer |
| 31:33 | Queue | Archer |
| 31:33 | Queue | Archer |
Build order — Alarmaaa5374
First 150 of 527 actions detected
| 0:00 | Queue | Villager (Male) |
| 0:01 | Queue | Villager (Male) |
| 0:02 | Build | House |
| 0:04 | Build | House |
| 0:22 | Queue | Villager (Male) |
| 0:23 | Queue | Villager (Male) |
| 1:21 | Queue | Villager (Male) |
| 1:42 | Queue | Villager (Male) |
| 1:51 | Build | Lumber Camp |
| 2:02 | Queue | Villager (Male) |
| 2:34 | Queue | Villager (Male) |
| 3:09 | Queue | Villager (Male) |
| 3:35 | Queue | Villager (Male) |
| 3:50 | Build | House |
| 3:51 | Build | House |
| 3:58 | Queue | Villager (Male) |
| 4:08 | Queue | Villager (Male) |
| 4:18 | Queue | Villager (Male) |
| 4:42 | Build | House |
| 5:03 | Queue | Villager (Male) |
| 5:04 | Queue | Villager (Male) |
| 5:15 | Queue | Villager (Male) |
| 5:34 | Build | Mill |
| 5:50 | Queue | Villager (Male) |
| 6:25 | Queue | Villager (Male) |
| 6:25 | Queue | Villager (Male) |
| 6:32 | Queue | Villager (Male) |
| 6:32 | Queue | Villager (Male) |
| 6:37 | Queue | Villager (Male) |
| 6:43 | Queue | Villager (Male) |
| 6:59 | Queue | Villager (Male) |
| 7:15 | Build | Farm |
| 7:55 | Research | Feudal Age |
| 8:04 | Build | Mining Camp |
| 8:34 | Build | Farm |
| 8:38 | Build | Farm |
| 9:29 | Queue | Villager (Male) |
| 9:30 | Queue | Villager (Male) |
| 10:33 | Build | Market |
| 10:34 | Build | Blacksmith |
| 11:19 | Research | Castle Age |
| 11:32 | Research | Horse Collar |
| 11:55 | Research | Double-Bit Axe |
| 12:03 | Build | Farm |
| 12:04 | Build | Farm |
| 12:08 | Build | Farm |
| 12:34 | Queue | Villager (Male) |
| 14:05 | Build | Town Center |
| 14:11 | Build | Town Center |
| 14:15 | Queue | Villager (Male) |
| 14:36 | Queue | Villager (Male) |
| 14:46 | Build | House |
| 14:48 | Build | House |
| 15:00 | Queue | Villager (Male) |
| 15:02 | Build | Farm |
| 15:03 | Build | Farm |
| 15:09 | Build | Farm |
| 15:18 | Build | Farm |
| 15:23 | Queue | Villager (Male) |
| 15:26 | Queue | Villager (Male) |
| 15:28 | Queue | Villager (Male) |
| 15:30 | Queue | Villager (Male) |
| 15:32 | Queue | Villager (Male) |
| 15:34 | Build | Farm |
| 15:36 | Build | Farm |
| 15:39 | Queue | Villager (Male) |
| 15:47 | Queue | Villager (Male) |
| 15:49 | Build | Farm |
| 15:52 | Queue | Villager (Male) |
| 15:55 | Build | House |
| 15:56 | Queue | Villager (Male) |
| 16:01 | Queue | Villager (Male) |
| 16:05 | Queue | Villager (Male) |
| 16:16 | Queue | Villager (Male) |
| 16:17 | Build | Farm |
| 16:19 | Build | Farm |
| 16:26 | Queue | Villager (Male) |
| 16:28 | Build | House |
| 16:33 | Queue | Villager (Male) |
| 16:38 | Build | Farm |
| 16:42 | Queue | Villager (Male) |
| 16:47 | Build | Farm |
| 16:48 | Queue | Villager (Male) |
| 16:50 | Build | Farm |
| 16:54 | Build | Farm |
| 16:59 | Build | House |
| 17:04 | Queue | Villager (Male) |
| 17:05 | Queue | Villager (Male) |
| 17:06 | Queue | Villager (Male) |
| 17:07 | Queue | Villager (Male) |
| 17:20 | Queue | Villager (Male) |
| 17:23 | Queue | Villager (Male) |
| 17:29 | Queue | Villager (Male) |
| 17:32 | Build | House |
| 17:42 | Research | Heavy Plow |
| 17:45 | Research | Bow Saw |
| 17:46 | Queue | Villager (Male) |
| 17:49 | Build | Farm |
| 17:51 | Build | Farm |
| 17:53 | Queue | Villager (Male) |
| 17:57 | Build | Farm |
| 17:58 | Queue | Villager (Male) |
| 18:00 | Build | Farm |
| 18:04 | Build | House |
| 18:06 | Build | House |
| 18:11 | Queue | Villager (Male) |
| 18:16 | Queue | Villager (Male) |
| 18:26 | Queue | Villager (Male) |
| 18:31 | Queue | Villager (Male) |
| 18:37 | Build | Town Center |
| 18:42 | Queue | Villager (Male) |
| 18:44 | Queue | Villager (Male) |
| 18:46 | Build | Farm |
| 18:46 | Build | Farm |
| 18:51 | Queue | Villager (Male) |
| 18:54 | Build | Farm |
| 18:56 | Build | Farm |
| 18:58 | Build | Farm |
| 19:00 | Queue | Villager (Male) |
| 19:02 | Build | Mill |
| 19:08 | Queue | Villager (Male) |
| 19:10 | Build | House |
| 19:13 | Queue | Villager (Male) |
| 19:17 | Build | Farm |
| 19:18 | Queue | Villager (Male) |
| 19:21 | Build | Lumber Camp |
| 19:28 | Queue | Villager (Male) |
| 19:36 | Queue | Villager (Male) |
| 19:39 | Build | House |
| 19:44 | Research | Heavy Plow |
| 19:44 | Research | Heavy Plow |
| 19:45 | Queue | Villager (Male) |
| 19:45 | Queue | Villager (Male) |
| 19:47 | Queue | Villager (Male) |
| 19:51 | Build | Farm |
| 19:51 | Build | Farm |
| 19:51 | Build | Farm |
| 19:53 | Queue | Villager (Male) |
| 20:04 | Build | Farm |
| 20:05 | Queue | Villager (Male) |
| 20:08 | Build | Farm |
| 20:09 | Queue | Villager (Male) |
| 20:12 | Build | House |
| 20:18 | Queue | Villager (Male) |
| 20:20 | Queue | Villager (Male) |
| 20:22 | Build | Farm |
| 20:22 | Build | Farm |
| 20:22 | Build | Farm |
| 20:23 | Build | Farm |
| 20:23 | Build | Farm |
Build order — LynxScatteR
First 150 of 478 actions detected
| 0:01 | Queue | Villager (Male) |
| 0:01 | Queue | Villager (Male) |
| 0:02 | Build | House |
| 0:03 | Build | House |
| 0:08 | Queue | Villager (Male) |
| 0:09 | Queue | Villager (Male) |
| 1:36 | Queue | Villager (Male) |
| 1:36 | Queue | Villager (Male) |
| 1:44 | Build | Lumber Camp |
| 2:03 | Queue | Villager (Male) |
| 2:04 | Queue | Villager (Male) |
| 2:18 | Queue | Villager (Male) |
| 3:08 | Queue | Villager (Male) |
| 3:08 | Queue | Villager (Male) |
| 3:08 | Queue | Villager (Male) |
| 3:49 | Queue | Villager (Male) |
| 3:49 | Queue | Villager (Male) |
| 3:50 | Queue | Villager (Male) |
| 4:08 | Build | House |
| 4:53 | Queue | Villager (Male) |
| 4:53 | Queue | Villager (Male) |
| 5:00 | Build | Mill |
| 5:50 | Queue | Villager (Male) |
| 5:50 | Queue | Villager (Male) |
| 5:51 | Queue | Villager (Male) |
| 6:45 | Queue | Villager (Male) |
| 6:52 | Build | House |
| 7:25 | Build | House |
| 7:35 | Queue | Villager (Male) |
| 7:36 | Queue | Villager (Male) |
| 8:33 | Queue | Villager (Male) |
| 8:41 | Build | Farm |
| 9:08 | Build | Mining Camp |
| 9:15 | Research | Feudal Age |
| 9:32 | Build | Farm |
| 10:24 | Build | Farm |
| 11:25 | Age | Feudal Age |
| 11:30 | Queue | Villager (Male) |
| 11:33 | Queue | Villager (Male) |
| 11:33 | Queue | Villager (Male) |
| 11:37 | Build | Market |
| 11:46 | Build | Blacksmith |
| 11:56 | Research | Double-Bit Axe |
| 12:01 | Research | Horse Collar |
| 12:12 | Build | Farm |
| 12:36 | Research | Castle Age |
| 12:39 | Build | Farm |
| 13:49 | Build | Farm |
| 13:53 | Build | Farm |
| 14:56 | Research | Scale Mail Armor |
| 15:16 | Age | Castle Age |
| 15:23 | Queue | Villager (Male) |
| 15:23 | Queue | Villager (Male) |
| 15:24 | Queue | Villager (Male) |
| 15:33 | Build | Town Center |
| 15:36 | Build | Farm |
| 15:37 | Research | Bow Saw |
| 15:39 | Research | Heavy Plow |
| 15:50 | Build | Town Center |
| 16:38 | Build | Farm |
| 16:39 | Build | Farm |
| 16:52 | Queue | Villager (Male) |
| 16:52 | Queue | Villager (Male) |
| 16:52 | Queue | Villager (Male) |
| 17:19 | Queue | Villager (Male) |
| 17:19 | Queue | Villager (Male) |
| 17:19 | Queue | Villager (Male) |
| 17:28 | Build | Farm |
| 17:37 | Queue | Villager (Male) |
| 17:37 | Queue | Villager (Male) |
| 17:38 | Queue | Villager (Male) |
| 17:39 | Queue | Villager (Male) |
| 17:46 | Build | Farm |
| 17:46 | Build | Farm |
| 17:46 | Build | Farm |
| 17:47 | Build | Farm |
| 17:47 | Build | Farm |
| 18:04 | Queue | Villager (Male) |
| 18:04 | Queue | Villager (Male) |
| 18:19 | Queue | Villager (Male) |
| 18:19 | Queue | Villager (Male) |
| 18:24 | Build | Farm |
| 18:28 | Build | Farm |
| 18:32 | Build | Farm |
| 18:42 | Queue | Villager (Male) |
| 18:53 | Research | Stone Mining |
| 19:06 | Build | House |
| 19:08 | Build | House |
| 19:08 | Build | House |
| 19:10 | Research | Wheelbarrow |
| 19:43 | Queue | Villager (Male) |
| 19:44 | Queue | Villager (Male) |
| 19:44 | Queue | Villager (Male) |
| 19:46 | Queue | Villager (Male) |
| 19:46 | Queue | Villager (Male) |
| 19:46 | Queue | Villager (Male) |
| 19:48 | Build | Farm |
| 20:00 | Build | Farm |
| 20:00 | Build | Farm |
| 20:00 | Build | Farm |
| 20:00 | Build | Farm |
| 20:11 | Queue | Villager (Male) |
| 20:11 | Queue | Villager (Male) |
| 20:18 | Queue | Villager (Male) |
| 20:25 | Queue | Villager (Male) |
| 20:25 | Queue | Villager (Male) |
| 20:35 | Research | Gold Mining |
| 20:39 | Queue | Villager (Male) |
| 21:04 | Queue | Villager (Male) |
| 21:04 | Queue | Villager (Male) |
| 21:04 | Queue | Villager (Male) |
| 21:15 | Build | Farm |
| 21:26 | Build | Farm |
| 21:27 | Build | Farm |
| 21:27 | Build | Farm |
| 21:27 | Build | Farm |
| 21:27 | Build | Farm |
| 21:27 | Build | Farm |
| 21:32 | Queue | Villager (Male) |
| 21:33 | Queue | Villager (Male) |
| 21:33 | Queue | Villager (Male) |
| 21:34 | Queue | Villager (Male) |
| 21:45 | Queue | Villager (Male) |
| 21:45 | Queue | Villager (Male) |
| 21:54 | Build | House |
| 21:54 | Build | House |
| 21:55 | Build | House |
| 21:56 | Build | House |
| 21:57 | Build | House |
| 22:08 | Research | Hand Cart |
| 22:17 | Research | Loom |
| 22:22 | Research | Town Watch |
| 22:25 | Build | Farm |
| 22:42 | Queue | Villager (Male) |
| 22:42 | Queue | Villager (Male) |
| 22:42 | Queue | Villager (Male) |
| 23:05 | Queue | Villager (Male) |
| 23:06 | Queue | Villager (Male) |
| 23:06 | Queue | Villager (Male) |
| 23:07 | Queue | Villager (Male) |
| 23:07 | Queue | Villager (Male) |
| 23:16 | Build | House |
| 23:17 | Build | House |
| 23:24 | Build | Farm |
| 23:31 | Queue | Villager (Male) |
| 23:33 | Build | Farm |
| 23:34 | Build | Farm |
| 23:34 | Build | Farm |
| 23:34 | Build | Farm |
| 23:35 | Build | Farm |
Build order — istakoski
First 150 of 379 actions detected
| 0:00 | Queue | Villager (Male) |
| 0:01 | Queue | Villager (Male) |
| 0:02 | Build | House |
| 0:02 | Build | House |
| 0:23 | Queue | Villager (Male) |
| 0:23 | Queue | Villager (Male) |
| 1:29 | Queue | Villager (Male) |
| 1:44 | Build | Lumber Camp |
| 1:53 | Queue | Villager (Male) |
| 2:17 | Queue | Villager (Male) |
| 2:41 | Queue | Villager (Male) |
| 3:10 | Queue | Villager (Male) |
| 3:33 | Queue | Villager (Male) |
| 3:52 | Build | House |
| 3:58 | Queue | Villager (Male) |
| 3:58 | Queue | Villager (Male) |
| 4:16 | Build | Mill |
| 4:59 | Queue | Villager (Male) |
| 4:59 | Queue | Villager (Male) |
| 5:37 | Queue | Villager (Male) |
| 6:05 | Build | House |
| 6:10 | Queue | Villager (Male) |
| 6:34 | Queue | Villager (Male) |
| 6:51 | Queue | Villager (Male) |
| 7:12 | Queue | Villager (Male) |
| 7:42 | Queue | Villager (Male) |
| 7:58 | Research | Feudal Age |
| 8:00 | Build | Mining Camp |
| 8:04 | Build | Mining Camp |
| 8:27 | Build | Farm |
| 8:32 | Build | Farm |
| 8:50 | Build | Farm |
| 9:10 | Build | House |
| 10:17 | Queue | Villager (Male) |
| 10:18 | Queue | Villager (Male) |
| 10:31 | Age | Feudal Age |
| 10:36 | Build | Market |
| 10:38 | Build | Blacksmith |
| 11:30 | Research | Castle Age |
| 11:37 | Build | House |
| 11:52 | Research | Double-Bit Axe |
| 12:38 | Research | Horse Collar |
| 13:25 | Queue | Villager (Male) |
| 13:26 | Queue | Villager (Male) |
| 14:10 | Age | Castle Age |
| 14:12 | Build | Town Center |
| 14:16 | Build | Monastery |
| 14:19 | Build | Monastery |
| 14:24 | Research | Bow Saw |
| 14:34 | Build | Farm |
| 14:34 | Build | Farm |
| 14:34 | Build | Farm |
| 14:35 | Build | Farm |
| 14:42 | Build | Farm |
| 14:55 | Queue | Villager (Male) ×4 |
| 15:17 | Queue | Villager (Male) ×3 |
| 15:19 | Queue | Monk |
| 15:19 | Queue | Monk |
| 15:47 | Build | Farm |
| 15:52 | Build | Town Center |
| 16:02 | Queue | Villager (Male) |
| 16:03 | Queue | Villager (Male) ×2 |
| 16:27 | Queue | Villager (Male) |
| 16:34 | Build | Farm |
| 16:37 | Build | Farm |
| 16:37 | Build | Farm |
| 16:37 | Build | Farm |
| 16:38 | Build | Farm |
| 16:38 | Build | Farm |
| 16:42 | Build | Farm |
| 16:46 | Queue | Villager (Male) |
| 16:58 | Build | House |
| 16:59 | Queue | Monk |
| 17:04 | Build | Farm |
| 17:05 | Queue | Villager (Male) |
| 17:17 | Queue | Villager (Male) |
| 17:24 | Queue | Villager (Male) |
| 17:27 | Build | Farm |
| 17:31 | Build | Farm |
| 17:33 | Build | Farm |
| 17:40 | Queue | Villager (Male) |
| 17:50 | Queue | Villager (Male) ×2 |
| 17:54 | Build | Farm |
| 17:57 | Build | Farm |
| 17:58 | Queue | Villager (Male) |
| 18:25 | Queue | Villager (Male) ×3 |
| 18:29 | Build | Farm |
| 18:29 | Build | Farm |
| 18:31 | Build | Farm |
| 18:32 | Queue | Villager (Male) |
| 18:36 | Build | House |
| 18:44 | Queue | Villager (Male) |
| 18:52 | Build | Farm |
| 18:53 | Queue | Villager (Male) |
| 18:56 | Build | House |
| 19:03 | Build | House |
| 19:04 | Build | House |
| 19:06 | Queue | Villager (Male) ×2 |
| 19:21 | Queue | Villager (Male) ×2 |
| 19:26 | Build | Farm |
| 19:26 | Build | Farm |
| 19:39 | Queue | Villager (Male) ×3 |
| 19:50 | Queue | Villager (Male) ×2 |
| 20:19 | Queue | Villager (Male) ×5 |
| 20:34 | Build | Town Center |
| 20:57 | Queue | Villager (Male) ×5 |
| 21:10 | Build | Farm |
| 21:10 | Build | Farm |
| 21:10 | Build | Farm |
| 21:10 | Build | Farm |
| 21:12 | Queue | Villager (Male) ×4 |
| 21:17 | Build | Farm |
| 21:17 | Build | Farm |
| 21:20 | Build | Farm |
| 21:20 | Build | Farm |
| 21:20 | Build | Farm |
| 21:21 | Build | Farm |
| 21:21 | Build | Farm |
| 21:23 | Queue | Villager (Male) |
| 21:42 | Research | Wheelbarrow |
| 21:44 | Research | Town Watch |
| 21:47 | Research | Loom |
| 21:48 | Queue | Villager (Male) |
| 21:52 | Build | House |
| 21:58 | Build | House |
| 21:58 | Build | House |
| 21:59 | Build | House |
| 22:01 | Queue | Villager (Male) ×5 |
| 22:01 | Queue | Villager (Male) ×2 |
| 22:06 | Build | Farm |
| 22:07 | Build | Farm |
| 22:10 | Build | Farm |
| 22:10 | Build | Farm |
| 22:10 | Build | Farm |
| 22:19 | Build | House |
| 22:20 | Build | House |
| 22:21 | Build | House |
| 22:24 | Queue | Villager (Male) ×5 |
| 22:35 | Build | Farm |
| 22:54 | Queue | Villager (Male) ×5 |
| 22:58 | Research | Heavy Plow |
| 23:06 | Build | Farm |
| 23:06 | Build | Farm |
| 24:15 | Build | University |
| 24:44 | Queue | Villager (Male) ×5 |
| 24:54 | Build | Farm |
| 24:54 | Build | Farm |
| 24:55 | Build | Farm |
| 25:06 | Research | Imperial Age |
| 25:10 | Research | Hand Cart |
Build order — IBGRI
First 150 of 508 actions detected
| 0:02 | Build | House |
| 0:04 | Build | House |
| 0:14 | Queue | Villager (Male) |
| 0:19 | Queue | Villager (Male) |
| 0:19 | Queue | Villager (Male) |
| 0:23 | Queue | Villager (Male) |
| 1:41 | Queue | Villager (Male) |
| 2:04 | Queue | Villager (Male) |
| 2:06 | Build | Lumber Camp |
| 2:27 | Queue | Villager (Male) |
| 2:27 | Queue | Villager (Male) |
| 2:55 | Queue | Villager (Male) |
| 3:52 | Queue | Villager (Male) |
| 4:08 | Build | House |
| 4:10 | Build | House |
| 4:15 | Queue | Villager (Male) |
| 4:16 | Queue | Villager (Male) |
| 4:57 | Queue | Villager (Male) |
| 4:58 | Queue | Villager (Male) |
| 5:26 | Build | Mill |
| 5:30 | Queue | Villager (Male) |
| 6:14 | Queue | Villager (Male) |
| 6:28 | Queue | Villager (Male) |
| 7:02 | Queue | Villager (Male) |
| 7:30 | Queue | Villager (Male) |
| 8:03 | Queue | Villager (Male) |
| 8:14 | Build | Mining Camp |
| 8:29 | Research | Feudal Age |
| 8:29 | Queue | Villager (Male) |
| 8:30 | Queue | Villager (Male) |
| 8:57 | Build | House |
| 10:44 | Age | Feudal Age |
| 10:52 | Build | Market |
| 10:56 | Build | Blacksmith |
| 11:28 | Build | Farm |
| 11:29 | Build | Farm |
| 11:31 | Build | Farm |
| 11:36 | Build | Farm |
| 11:39 | Build | Farm |
| 11:58 | Research | Castle Age |
| 11:58 | Research | Castle Age |
| 12:03 | Build | Farm |
| 12:13 | Build | House |
| 12:14 | Build | House |
| 12:43 | Research | Horse Collar |
| 13:12 | Research | Double-Bit Axe |
| 13:18 | Build | House |
| 13:18 | Build | House |
| 13:25 | Build | Farm |
| 13:26 | Build | Farm |
| 13:49 | Queue | Villager (Male) |
| 14:03 | Build | House |
| 14:04 | Build | House |
| 14:38 | Age | Castle Age |
| 14:39 | Build | Town Center |
| 14:46 | Queue | Villager (Male) |
| 15:01 | Build | Town Center |
| 15:06 | Queue | Villager (Male) |
| 15:27 | Queue | Villager (Male) |
| 15:29 | Build | Farm |
| 15:59 | Queue | Villager (Male) |
| 16:08 | Queue | Villager (Male) |
| 16:08 | Queue | Villager (Male) |
| 16:26 | Build | Farm |
| 16:29 | Queue | Villager (Male) |
| 16:29 | Queue | Villager (Male) |
| 16:30 | Build | Farm |
| 16:34 | Build | Farm |
| 16:35 | Build | Farm |
| 16:36 | Queue | Villager (Male) |
| 16:36 | Queue | Villager (Male) |
| 16:39 | Build | House |
| 16:39 | Build | House |
| 16:55 | Build | Farm |
| 16:58 | Queue | Villager (Male) |
| 16:58 | Queue | Villager (Male) |
| 16:59 | Queue | Villager (Male) |
| 17:10 | Build | Farm |
| 17:12 | Queue | Villager (Male) |
| 17:15 | Build | Farm |
| 17:16 | Queue | Villager (Male) |
| 17:19 | Build | Farm |
| 17:21 | Queue | Villager (Male) |
| 17:37 | Build | Farm |
| 17:40 | Build | Farm |
| 17:43 | Queue | Villager (Male) |
| 17:43 | Queue | Villager (Male) |
| 17:50 | Queue | Villager (Male) |
| 17:59 | Build | House |
| 18:00 | Build | House |
| 18:02 | Queue | Villager (Male) |
| 18:14 | Queue | Villager (Male) |
| 18:20 | Queue | Villager (Male) |
| 18:31 | Queue | Villager (Male) |
| 18:33 | Queue | Villager (Male) |
| 18:37 | Build | Town Center |
| 18:41 | Queue | Villager (Male) |
| 18:52 | Build | House |
| 18:52 | Build | House |
| 18:54 | Queue | Villager (Male) |
| 19:06 | Queue | Villager (Male) |
| 19:16 | Build | Farm |
| 19:19 | Queue | Villager (Male) |
| 19:19 | Queue | Villager (Male) |
| 19:29 | Queue | Villager (Male) |
| 19:34 | Queue | Villager (Male) |
| 19:40 | Build | Farm |
| 19:42 | Build | Farm |
| 19:44 | Build | Farm |
| 19:46 | Queue | Villager (Male) |
| 19:50 | Build | House |
| 19:51 | Queue | Villager (Male) |
| 19:52 | Queue | Villager (Male) |
| 20:01 | Build | Farm |
| 20:03 | Build | Farm |
| 20:05 | Build | Farm |
| 20:08 | Queue | Villager (Male) |
| 20:09 | Queue | Villager (Male) |
| 20:15 | Build | House |
| 20:16 | Queue | Villager (Male) |
| 20:24 | Research | Loom |
| 20:32 | Build | Farm |
| 20:37 | Build | Farm |
| 20:37 | Queue | Villager (Male) |
| 20:38 | Queue | Villager (Male) |
| 20:38 | Queue | Villager (Male) |
| 20:41 | Build | Farm |
| 20:45 | Build | Farm |
| 20:46 | Build | Farm |
| 20:48 | Queue | Villager (Male) |
| 20:54 | Queue | Villager (Male) |
| 21:00 | Build | Barracks |
| 21:02 | Queue | Villager (Male) |
| 21:02 | Queue | Villager (Male) |
| 21:17 | Queue | Villager (Male) |
| 21:18 | Queue | Villager (Male) |
| 21:27 | Research | Bow Saw |
| 21:30 | Research | Heavy Plow |
| 21:41 | Queue | Villager (Male) |
| 21:45 | Queue | Villager (Male) |
| 21:56 | Build | Archery Range |
| 21:58 | Queue | Villager (Male) |
| 21:58 | Queue | Villager (Male) |
| 21:59 | Queue | Villager (Male) |
| 22:03 | Queue | Villager (Male) |
| 22:08 | Queue | Villager (Male) |
| 22:10 | Build | Farm |
| 22:11 | Build | Farm |
| 22:13 | Build | Farm |
| 22:20 | Research | Wheelbarrow |
Build order — roulette
First 150 of 491 actions detected
| 0:02 | Queue | Villager (Male) |
| 0:02 | Queue | Villager (Male) |
| 0:02 | Queue | Villager (Male) |
| 0:17 | Queue | Villager (Male) |
| 1:24 | Queue | Villager (Male) |
| 1:44 | Build | Lumber Camp |
| 1:57 | Queue | Villager (Male) |
| 2:12 | Queue | Villager (Male) |
| 2:48 | Queue | Villager (Male) |
| 3:10 | Queue | Villager (Male) |
| 3:39 | Queue | Villager (Male) |
| 3:57 | Queue | Villager (Male) |
| 4:31 | Queue | Villager (Male) |
| 4:56 | Queue | Villager (Male) |
| 5:20 | Queue | Villager (Male) |
| 5:22 | Build | Mill |
| 5:25 | Queue | Villager (Male) |
| 5:25 | Queue | Villager (Male) |
| 6:21 | Queue | Villager (Male) |
| 6:21 | Queue | Villager (Male) |
| 6:58 | Queue | Villager (Male) |
| 6:58 | Queue | Villager (Male) |
| 7:44 | Queue | Villager (Male) |
| 8:00 | Queue | Villager (Male) |
| 8:26 | Build | Mining Camp |
| 8:29 | Research | Feudal Age |
| 9:15 | Build | Farm |
| 9:18 | Build | Farm |
| 9:28 | Build | Farm |
| 9:44 | Queue | Villager (Male) |
| 9:52 | Build | Farm |
| 10:00 | Build | Farm |
| 10:09 | Queue | Villager (Male) |
| 10:15 | Build | Farm |
| 10:57 | Age | Feudal Age |
| 10:58 | Build | Market |
| 11:03 | Build | Blacksmith |
| 11:04 | Queue | Villager (Male) |
| 11:26 | Build | Farm |
| 12:01 | Research | Castle Age |
| 12:42 | Research | Double-Bit Axe |
| 12:46 | Research | Horse Collar |
| 12:46 | Research | Horse Collar |
| 13:58 | Queue | Villager (Male) |
| 13:58 | Queue | Villager (Male) |
| 14:41 | Age | Castle Age |
| 14:42 | Build | Town Center |
| 14:48 | Build | Town Center |
| 15:00 | Queue | Villager (Male) |
| 15:17 | Queue | Villager (Male) |
| 15:27 | Queue | Villager (Male) |
| 15:33 | Queue | Villager (Male) |
| 15:57 | Queue | Villager (Male) |
| 15:57 | Queue | Villager (Male) |
| 15:59 | Queue | Villager (Male) |
| 16:05 | Research | Bow Saw |
| 16:21 | Queue | Villager (Male) |
| 16:22 | Queue | Villager (Male) |
| 16:22 | Queue | Villager (Male) |
| 16:23 | Queue | Villager (Male) |
| 16:29 | Build | Farm |
| 16:29 | Build | Farm |
| 16:33 | Build | Farm |
| 16:34 | Build | Farm |
| 16:35 | Queue | Villager (Male) |
| 16:42 | Build | Farm |
| 16:57 | Queue | Villager (Male) |
| 17:10 | Build | Farm |
| 17:11 | Queue | Villager (Male) |
| 17:16 | Build | Farm |
| 17:17 | Build | Farm |
| 17:17 | Build | Farm |
| 17:20 | Build | Farm |
| 17:23 | Queue | Villager (Male) |
| 17:35 | Queue | Villager (Male) |
| 17:40 | Build | Farm |
| 17:43 | Build | Farm |
| 17:49 | Build | Farm |
| 17:49 | Queue | Villager (Male) |
| 17:53 | Build | Farm |
| 17:57 | Queue | Villager (Male) |
| 18:05 | Queue | Villager (Male) |
| 18:09 | Build | Farm |
| 18:12 | Build | Farm |
| 18:18 | Build | Farm |
| 18:23 | Build | Farm |
| 18:23 | Queue | Villager (Male) |
| 18:23 | Queue | Villager (Male) |
| 18:33 | Queue | Villager (Male) |
| 18:33 | Queue | Villager (Male) |
| 18:38 | Queue | Villager (Male) |
| 18:45 | Build | Farm |
| 18:51 | Build | Farm |
| 18:52 | Build | Farm |
| 18:53 | Queue | Villager (Male) |
| 19:00 | Build | Farm |
| 19:01 | Queue | Villager (Male) |
| 19:01 | Queue | Villager (Male) |
| 19:10 | Queue | Villager (Male) |
| 19:14 | Queue | Villager (Male) |
| 19:19 | Queue | Villager (Male) |
| 19:25 | Queue | Villager (Male) |
| 19:31 | Queue | Villager (Male) |
| 19:38 | Build | Farm |
| 19:40 | Build | Farm |
| 19:40 | Queue | Villager (Male) |
| 19:45 | Queue | Villager (Male) |
| 19:56 | Queue | Villager (Male) |
| 19:56 | Queue | Villager (Male) |
| 20:05 | Queue | Villager (Male) |
| 20:08 | Build | Farm |
| 20:13 | Build | Farm |
| 20:14 | Queue | Villager (Male) |
| 20:15 | Build | Farm |
| 20:15 | Queue | Villager (Male) |
| 20:26 | Queue | Villager (Male) |
| 20:31 | Queue | Villager (Male) |
| 20:39 | Build | Farm |
| 20:40 | Build | Farm |
| 20:42 | Build | Farm |
| 20:42 | Build | Farm |
| 20:43 | Build | Farm |
| 20:44 | Queue | Villager (Male) |
| 20:52 | Research | Heavy Plow |
| 20:53 | Queue | Villager (Male) |
| 21:00 | Queue | Villager (Male) |
| 21:03 | Build | Farm |
| 21:04 | Queue | Villager (Male) |
| 21:13 | Research | Gold Mining |
| 21:16 | Research | Wheelbarrow |
| 21:16 | Research | Wheelbarrow |
| 21:17 | Queue | Villager (Male) |
| 21:24 | Queue | Villager (Male) |
| 21:31 | Queue | Villager (Male) |
| 21:43 | Research | Scale Barding Armor |
| 21:44 | Research | Forging |
| 21:52 | Build | Lumber Camp |
| 21:55 | Queue | Villager (Male) |
| 22:02 | Build | Farm |
| 22:04 | Build | Farm |
| 22:05 | Queue | Villager (Male) |
| 22:08 | Queue | Villager (Male) |
| 22:21 | Queue | Villager (Male) |
| 22:27 | Build | Farm |
| 22:28 | Queue | Villager (Male) |
| 22:29 | Research | Forging |
| 22:30 | Research | Chain Barding Armor |
| 22:45 | Queue | Villager (Male) |
| 22:50 | Build | Barracks |
| 22:51 | Queue | Villager (Male) |
Build order — Theos
First 150 of 922 actions detected
| 0:00 | Queue | Villager (Male) |
| 0:00 | Queue | Villager (Male) |
| 0:01 | Queue | Villager (Male) |
| 0:02 | Build | House |
| 0:03 | Build | House |
| 0:13 | Queue | Villager (Male) |
| 1:27 | Queue | Villager (Male) |
| 1:47 | Build | Lumber Camp |
| 1:49 | Queue | Villager (Male) |
| 2:12 | Queue | Villager (Male) |
| 2:41 | Queue | Villager (Male) |
| 3:07 | Queue | Villager (Male) |
| 3:27 | Queue | Villager (Male) |
| 3:47 | Build | House |
| 3:56 | Queue | Villager (Male) |
| 3:56 | Queue | Villager (Male) |
| 4:18 | Queue | Villager (Male) |
| 4:20 | Build | House |
| 4:28 | Build | Mill |
| 4:36 | Queue | Villager (Male) |
| 5:06 | Queue | Villager (Male) |
| 5:06 | Queue | Villager (Male) |
| 5:26 | Queue | Villager (Male) |
| 5:41 | Queue | Villager (Male) |
| 6:16 | Queue | Villager (Male) |
| 7:08 | Queue | Villager (Male) |
| 7:09 | Queue | Villager (Male) |
| 7:11 | Build | House |
| 7:38 | Build | Mining Camp |
| 7:53 | Build | Farm |
| 7:59 | Queue | Villager (Male) |
| 8:36 | Build | Farm |
| 8:42 | Research | Feudal Age |
| 8:48 | Queue | Villager (Male) |
| 8:48 | Queue | Villager (Male) |
| 8:51 | Build | Farm |
| 9:07 | Build | Farm |
| 9:29 | Queue | Villager (Male) |
| 10:04 | Age | Feudal Age |
| 10:10 | Build | Market |
| 10:14 | Build | Blacksmith |
| 11:04 | Queue | Villager (Male) |
| 11:25 | Queue | Villager (Male) |
| 11:28 | Build | House |
| 11:39 | Research | Castle Age |
| 12:12 | Build | House |
| 12:26 | Research | Double-Bit Axe |
| 12:32 | Research | Horse Collar |
| 12:58 | Build | House |
| 13:07 | Queue | Villager (Male) |
| 13:07 | Queue | Villager (Male) |
| 13:20 | Age | Castle Age |
| 13:35 | Build | Town Center |
| 13:49 | Queue | Villager (Male) |
| 14:17 | Build | Town Center |
| 14:32 | Queue | Villager (Male) |
| 14:34 | Build | Farm |
| 14:42 | Queue | Villager (Male) |
| 14:48 | Build | Farm |
| 14:50 | Queue | Villager (Male) |
| 14:51 | Queue | Villager (Male) |
| 14:55 | Build | Farm |
| 15:08 | Queue | Villager (Male) |
| 15:11 | Build | Farm |
| 15:29 | Build | Farm |
| 15:31 | Build | Farm |
| 15:34 | Queue | Villager (Male) |
| 15:34 | Queue | Villager (Male) |
| 15:40 | Research | Bow Saw |
| 15:53 | Queue | Villager (Male) |
| 15:56 | Build | Farm |
| 16:05 | Build | Farm |
| 16:05 | Queue | Villager (Male) |
| 16:06 | Queue | Villager (Male) |
| 16:19 | Build | Farm |
| 16:21 | Queue | Villager (Male) |
| 16:23 | Build | Farm |
| 16:34 | Build | Farm |
| 16:36 | Queue | Villager (Male) |
| 16:39 | Build | Farm |
| 16:44 | Build | Farm |
| 16:50 | Queue | Villager (Male) |
| 16:54 | Build | Farm |
| 16:58 | Queue | Villager (Male) |
| 17:00 | Build | Farm |
| 17:09 | Build | Farm |
| 17:09 | Queue | Villager (Male) |
| 17:15 | Build | Farm |
| 17:20 | Queue | Villager (Male) |
| 17:28 | Queue | Villager (Male) |
| 17:28 | Queue | Villager (Male) |
| 17:34 | Queue | Villager (Male) |
| 17:37 | Build | Farm |
| 17:38 | Build | Farm |
| 17:45 | Queue | Villager (Male) |
| 17:50 | Queue | Villager (Male) |
| 17:50 | Queue | Villager (Male) |
| 17:57 | Queue | Villager (Male) |
| 18:08 | Queue | Villager (Male) |
| 18:08 | Queue | Villager (Male) |
| 18:21 | Queue | Villager (Male) |
| 18:21 | Queue | Villager (Male) |
| 18:26 | Build | House |
| 18:27 | Build | House |
| 18:30 | Build | Town Center |
| 18:47 | Research | Wheelbarrow |
| 18:51 | Queue | Villager (Male) |
| 19:05 | Queue | Villager (Male) |
| 19:08 | Build | House |
| 19:09 | Build | House |
| 19:12 | Build | Mill |
| 19:13 | Build | Farm |
| 19:13 | Build | Farm |
| 19:14 | Build | Farm |
| 19:14 | Build | Farm |
| 19:16 | Build | Farm |
| 19:17 | Build | Farm |
| 19:19 | Queue | Villager (Male) |
| 19:20 | Queue | Villager (Male) |
| 19:24 | Queue | Villager (Male) |
| 19:37 | Build | Farm |
| 19:40 | Queue | Villager (Male) |
| 19:49 | Queue | Villager (Male) |
| 19:51 | Build | Farm |
| 19:53 | Build | Farm |
| 19:55 | Queue | Villager (Male) |
| 20:02 | Build | Farm |
| 20:03 | Build | Farm |
| 20:06 | Build | Farm |
| 20:06 | Queue | Villager (Male) |
| 20:10 | Queue | Villager (Male) |
| 20:16 | Queue | Villager (Male) |
| 20:19 | Queue | Villager (Male) |
| 20:19 | Queue | Villager (Male) |
| 20:21 | Queue | Villager (Male) |
| 20:24 | Build | Farm |
| 20:25 | Build | Farm |
| 20:27 | Build | Farm |
| 20:29 | Build | Farm |
| 20:31 | Build | Farm |
| 20:43 | Build | Farm |
| 20:47 | Queue | Villager (Male) |
| 20:48 | Queue | Villager (Male) |
| 20:48 | Queue | Villager (Male) |
| 20:49 | Queue | Villager (Male) |
| 20:50 | Queue | Villager (Male) |
| 20:52 | Queue | Villager (Male) |
| 21:04 | Build | House |
| 21:05 | Build | House |
| 21:06 | Build | House |
Build order — Nabican
First 150 of 220 actions detected
| 0:05 | Build | House |
| 0:09 | Build | House |
| 0:36 | Queue | Villager (Male) ×4 |
| 0:37 | Queue | Villager (Male) ×4 |
| 1:44 | Queue | Villager (Male) |
| 2:34 | Queue | Villager (Male) |
| 3:04 | Queue | Villager (Male) |
| 4:06 | Queue | Villager (Male) |
| 4:06 | Queue | Villager (Male) |
| 4:06 | Queue | Villager (Male) |
| 4:06 | Queue | Villager (Male) |
| 4:07 | Queue | Villager (Male) |
| 4:38 | Queue | Villager (Male) |
| 4:38 | Queue | Villager (Male) |
| 6:10 | Build | House |
| 7:29 | Build | House |
| 7:31 | Research | Feudal Age |
| 8:03 | Build | Mill |
| 9:06 | Queue | Villager (Male) |
| 9:41 | Age | Feudal Age |
| 9:43 | Queue | Villager (Male) |
| 10:24 | Queue | Villager (Male) |
| 10:25 | Queue | Villager (Male) |
| 10:26 | Queue | Villager (Male) |
| 10:26 | Queue | Villager (Male) |
| 10:44 | Queue | Villager (Male) |
| 11:02 | Build | Lumber Camp |
| 11:56 | Research | Double-Bit Axe |
| 12:13 | Queue | Villager (Male) |
| 12:17 | Build | House |
| 12:31 | Research | Wheelbarrow |
| 12:53 | Build | Mill |
| 13:02 | Queue | Villager (Male) |
| 13:03 | Queue | Villager (Male) |
| 13:03 | Queue | Villager (Male) |
| 13:03 | Queue | Villager (Male) |
| 13:37 | Queue | Villager (Male) |
| 13:50 | Build | Market |
| 14:06 | Queue | Villager (Male) |
| 14:19 | Queue | Villager (Male) |
| 14:36 | Queue | Villager (Male) |
| 14:37 | Queue | Villager (Male) |
| 14:53 | Build | Blacksmith |
| 15:00 | Research | Horse Collar |
| 15:31 | Build | Farm |
| 15:32 | Build | Farm |
| 15:33 | Build | Farm |
| 15:33 | Build | Farm |
| 16:12 | Build | Mining Camp |
| 16:17 | Research | Loom |
| 16:35 | Build | Farm |
| 16:43 | Build | Farm |
| 16:51 | Build | House |
| 17:01 | Queue | Villager (Male) |
| 17:35 | Build | Mining Camp |
| 17:49 | Build | Farm |
| 17:51 | Queue | Villager (Male) |
| 17:55 | Research | Gold Mining |
| 18:06 | Build | Farm |
| 18:34 | Build | Farm |
| 18:37 | Queue | Villager (Male) |
| 18:39 | Queue | Villager (Male) |
| 19:01 | Build | Farm |
| 19:03 | Build | Farm |
| 19:24 | Build | Farm |
| 19:47 | Research | Castle Age |
| 19:51 | Build | House |
| 20:25 | Build | House |
| 20:45 | Build | Farm |
| 20:50 | Build | Farm |
| 20:57 | Build | House |
| 21:23 | Build | House |
| 21:27 | Queue | Villager (Male) |
| 21:46 | Queue | Villager (Male) |
| 21:58 | Queue | Villager (Male) |
| 21:58 | Queue | Villager (Male) |
| 22:00 | Queue | Villager (Male) |
| 22:43 | Research | Stone Mining |
| 24:24 | Age | Castle Age |
| 24:27 | Build | Town Center |
| 24:31 | Queue | Villager (Male) |
| 24:32 | Queue | Villager (Male) |
| 24:32 | Queue | Villager (Male) |
| 24:32 | Queue | Villager (Male) |
| 24:35 | Research | Gold Shaft Mining |
| 24:36 | Research | Stone Shaft Mining |
| 24:41 | Research | Bow Saw |
| 24:52 | Queue | Villager (Male) |
| 24:52 | Queue | Villager (Male) |
| 24:53 | Queue | Villager (Male) |
| 24:57 | Build | Farm |
| 25:05 | Queue | Villager (Male) |
| 25:06 | Queue | Villager (Male) |
| 25:20 | Research | Scale Barding Armor |
| 25:27 | Research | Forging |
| 25:45 | Queue | Villager (Male) |
| 25:45 | Queue | Villager (Male) |
| 25:46 | Queue | Villager (Male) |
| 25:51 | Build | Farm |
| 25:53 | Build | Farm |
| 26:00 | Research | Town Watch |
| 26:26 | Build | Lumber Camp |
| 26:36 | Queue | Villager (Male) |
| 26:41 | Queue | Villager (Male) |
| 26:49 | Build | Farm |
| 26:50 | Build | Farm |
| 27:05 | Build | Farm |
| 27:17 | Build | Farm |
| 27:27 | Build | Farm |
| 27:31 | Research | Iron Casting |
| 27:33 | Research | Chain Barding Armor |
| 27:38 | Build | Farm |
| 27:44 | Research | Heavy Plow |
| 27:55 | Build | Stable |
| 27:56 | Build | Stable |
| 28:01 | Queue | Villager (Male) |
| 28:01 | Queue | Villager (Male) |
| 28:12 | Build | House |
| 28:38 | Queue | Villager (Male) |
| 28:43 | Research | Hand Cart |
| 28:59 | Queue | Villager (Male) |
| 29:02 | Queue | Villager (Male) |
| 29:15 | Build | House |
| 29:16 | Build | House |
| 29:21 | Queue | Villager (Male) |
| 29:23 | Queue | Villager (Male) |
| 29:29 | Build | Farm |
| 30:04 | Queue | Villager (Male) |
| 30:05 | Queue | Villager (Male) |
| 30:12 | Build | Farm |
| 30:13 | Build | Farm |
| 30:20 | Build | Farm |
| 30:45 | Research | Imperial Age |
| 31:11 | Build | Farm |
| 31:15 | Queue | Knight |
| 31:15 | Queue | Knight |
| 31:16 | Queue | Knight |
| 31:16 | Queue | Knight |
| 31:42 | Research | Husbandry |
| 31:51 | Build | Farm |
| 31:52 | Build | Farm |
| 31:53 | Build | Farm |
| 31:55 | Build | Farm |
| 31:59 | Queue | Knight |
| 31:59 | Queue | Knight |
| 32:00 | Queue | Knight |
| 32:54 | Build | Castle |
| 33:11 | Queue | Knight ×5 |
| 33:18 | Queue | Knight |
| 33:18 | Queue | Knight |
Match timeline
| 9:41 | Nabican · age_up feudal |
| 10:04 | Theos · age_up feudal |
| 10:31 | istakoski · age_up feudal |
| 10:44 | IBGRI · age_up feudal |
| 10:57 | roulette · age_up feudal |
| 11:25 | LynxScatteR · age_up feudal |
| 11:33 | Theos · first_market_buy 100 food |
| 11:34 | Theos · first_market_sell 100 wood |
| 13:20 | Theos · age_up castle |
| 14:10 | istakoski · age_up castle |
| 14:16 | istakoski · first_building Monastery |
| 14:38 | IBGRI · age_up castle |
| 14:41 | roulette · age_up castle |
| 15:16 | LynxScatteR · age_up castle |
| 15:22 | Alarmaaa5374 · first_market_buy 100 stone |
| 17:30 | Diabolos5226 · first_market_sell 100 stone |
| 17:38 | Diabolos5226 · first_market_buy 100 food |
| 19:38 | Nabican · first_market_sell 100 wood |
| 19:39 | Nabican · first_market_buy 100 food |
| 20:25 | istakoski · first_market_buy 100 stone |
| 21:00 | IBGRI · first_building Barracks |
| 21:09 | Diabolos5226 · first_building Barracks |
| 21:25 | IBGRI · first_market_buy 100 food |
| 21:53 | Diabolos5226 · first_building Archery Range |
| 21:56 | IBGRI · first_building Archery Range |
| 22:23 | Theos · first_building Monastery |
| 22:48 | Alarmaaa5374 · first_building Monastery |
| 22:50 | roulette · first_building Barracks |
| 23:32 | roulette · first_building Stable |
| 23:45 | IBGRI · first_building Castle |
| 24:02 | Alarmaaa5374 · first_building Barracks |
| 24:20 | LynxScatteR · first_building Barracks |
| 24:24 | Nabican · age_up castle |
| 24:29 | Theos · first_building Castle |
| 25:00 | roulette · first_building Monastery |
| 25:17 | Alarmaaa5374 · first_building Siege Workshop |
| 25:27 | istakoski · first_building Barracks |
| 25:28 | Diabolos5226 · first_building Monastery |
| 26:21 | Theos · first_building Siege Workshop |
| 26:30 | istakoski · first_building Archery Range |
| 26:44 | Theos · age_up imperial |
| 27:02 | IBGRI · first_building Stable |
| 27:32 | Alarmaaa5374 · first_building Castle |
| 27:50 | IBGRI · first_market_sell 100 food |
| 27:51 | LynxScatteR · first_building Castle |
| 27:55 | Nabican · first_building Stable |
| 28:12 | Theos · first_building Barracks |
| 28:19 | istakoski · age_up imperial |
| 29:02 | roulette · age_up imperial |
| 29:09 | LynxScatteR · first_building Monastery |
| 29:14 | roulette · first_market_sell 100 wood |
| 29:21 | IBGRI · age_up imperial |
| 29:23 | Alarmaaa5374 · first_market_sell 100 wood |
| 29:24 | istakoski · first_building Siege Workshop |
| 29:36 | istakoski · first_building Castle |
| 31:01 | Diabolos5226 · first_building Castle |
| 31:29 | Theos · first_building Stable |
| 31:47 | LynxScatteR · first_building Stable |
| 32:54 | Nabican · first_building Castle |
| 33:55 | Nabican · age_up imperial |
| 35:00 | istakoski · first_market_sell 500 food |
| 35:47 | LynxScatteR · age_up imperial |
| 37:38 | LynxScatteR · first_market_sell 500 wood |
| 37:39 | Theos · tribute_sent a jugador 1 |
| 37:39 | Theos · tribute_sent a jugador 2 |
| 37:39 | Theos · tribute_sent a jugador 3 |
| 37:39 | Theos · tribute_sent a jugador 4 |
| 37:39 | Theos · tribute_sent a jugador 5 |
| 37:39 | Theos · tribute_sent a jugador 7 |
| 37:39 | Theos · tribute_sent a jugador 8 |
| 42:25 | Alarmaaa5374 · first_building Archery Range |
| 43:11 | roulette · first_building Castle |
| 45:27 | LynxScatteR · first_building Siege Workshop |
| 45:36 | IBGRI · first_building Siege Workshop |
| 46:14 | roulette · tribute_sent a jugador 1 |
| 46:14 | roulette · tribute_sent a jugador 2 |
| 46:14 | roulette · tribute_sent a jugador 3 |
| 46:14 | roulette · tribute_sent a jugador 4 |
| 46:14 | roulette · tribute_sent a jugador 6 |
| 46:14 | roulette · tribute_sent a jugador 7 |
| 46:14 | roulette · tribute_sent a jugador 8 |
| 51:29 | LynxScatteR · resign |
[ AI ANALYSIS · 1 CREDIT ]
What really happened in this match?
Wolo.gg analyzes every decision: build order, eco, micro, common mistakes by bracket. Personalized analysis on WhatsApp or Discord in 30 seconds.
Civ guide
Portuguese
Perfil
Jugador #25394377